[Event "*** Qualifier 3: Titled Tuesday 3|2 Blitz"]
[Site "Chess.com"]
[Date "2017.04.18"]
[Round "1"]
[White "DiogenesSinopeus"]
[Black "XDPS"]
[Result "1/2-1/2"]
[WhiteElo "2278"]
[BlackElo "2549"]
[TimeControl "180+2"]
[EndTime "13:10:17 PDT"]
[Termination "Game drawn - insufficient material"]

1. d4 d5 2. c4 c6 3. Nc3 Nf6 4. e3 e6 5. Nf3 Nbd7 6. Qc2 Bd6 7. g4 Bb4 8. Bd2 Qe7 9. Bd3 Nxg4 10. Rg1 f5 11. a3 Bxc3 12. Bxc3 a5 13. O-O-O dxc4 14. Bxc4 b5 15. Bb3 b4 16. Be1 bxa3 17. Qxc6 Rb8 18. Qxe6 Qxe6 19. Bxe6 Bb7 20. d5 a2 21. Kc2 Nc5 22. Bxf5 Bxd5 23. Nd4 Nxh2 24. Bxa5 O-O 25. Bc3 Rxf5 26. Nxf5 Be4+ 27. Kd2 Nf3+ 28. Ke2 Nxg1+ 29. Rxg1 Bxf5 30. Rxg7+ Kf8 31. Ra7 Bd3+ 32. Kf3 Ba6 33. b4 Rxb4 34. Bxb4 a1=Q 35. Bxc5+ Ke8 36.
Bd4 Qh1+ 37. Kg3 Qg1+ 38. Kf3 Qh1+ 39. Kg3 Bb7 40. f4 Qf3+ 41. Kh4 Qd5 42. Kg4 Kf7 43. Ra1 Kg6 44. Rg1 h5+ 45. Kh4+ Kh6 46. Bg7+ Kh7 47.
Bd4 Qf3 48. Kg5 Bc6 49. Kf6 h4 50. Rg7+ Kh6 51. Rg6+ Kh5 52. Rg5+ Kh6 53. Rg6+ Kh7 54. Rg7+ Kh8 55. Kf5 Qe4+ 56. Kg4 Qxd4 57. exd4 h3 58.
Kxh3 Kxg7 59. Kg4 Kf6 60. Kg3 Bd5 61. Kf2 Kf5 62. Ke3 Be4 63. Kd2 Kxf4 64. Kc3 Bd5 65. Kb4 Ke4 66. Kc5 Be6 67. d5 Bxd5 1/2-1/2

[Event "*** Qualifier 3: Titled Tuesday 3|2 Blitz"]
[Site "Chess.com"]
[Date "2017.04.18"]
[Round "1"]
[White "Kubas1010"]
[Black "PHOENIXME"]
[Result "1-0"]
[WhiteElo "2402"]
[BlackElo "1915"]
[TimeControl "180+2"]
[EndTime "13:10:24 PDT"]
[Termination "Kubas1010 won by resignation"]

1. d4 Nf6 2. Nf3 g6 3. c4 Bg7 4. Nc3 O-O 5. e4 d6 6. h3 e5 7. d5 Na6 8. Bg5 Nc5 9. b4 Ncd7 10. Nd2 h6 11. Be3 Nh7 12. g4 a5 13. a3 f5 14. gxf5 gxf5 15. exf5 Rxf5 16. Nde4 Qh4 17. Qg4 Qh5 18. Be2 Ndf6 19. Qxh5 Nxh5 20. Kd2 Nf4 21. Bg4 Rf8 22. Nb5 Bxg4 23. hxg4 Rf7 24. Nbc3 Ng5 25. Nxg5 hxg5 26. Ne4 Bf6 27. b5 Kg7 28. b6 Rd8 29.
bxc7 Rxc7 30. Rab1 Rf7 31. Rb5 a4 32. Rhb1 Rdd7 33.
R1b4 Bd8 34. Rxa4 Kg6 35. Rab4 Kh6 36. Rb1 Ng6 37. c5 dxc5 38. Rxc5 b6 39. Rcb5 Nf4 40. d6 Be7 41. Rxb6 Bf8 42. Rh1+ Kg6 43. a4 Nd5 44. Ra6 Nc7 45. Rc6 Ne6 46. a5 Nd4 47. Bxd4 exd4 48. a6 Rf4 49. Kd3 Rf3+ 50. Kxd4 Bg7+ 51. Kd5 Kf7 52.
Nxg5+ 1-0

[Event "*** Qualifier 3: Titled Tuesday 3|2 Blitz"]
[Site "Chess.com"]
[Date "2017.04.18"]
[Round "1"]
[White "Journey_to_GrandMaster_YT"]
[Black "LuckyTiger"]
[Result "0-1"]
[WhiteElo "2304"]
[BlackElo "2604"]
[TimeControl "180+2"]
[EndTime "13:10:44 PDT"]
[Termination "LuckyTiger won by checkmate"]

1. d4 Nf6 2. Nf3 c5 3. d5 g6 4. g3 Bg7 5. Bg2 O-O 6. O-O d6 7. c4 b5 8. Nbd2 Nbd7 9. e4 bxc4 10. Re1 Nb6 11. Qc2 Ba6 12. Bf1 Qc8 13. Nxc4 Bxc4 14. Bxc4 Nxc4 15. Qxc4 Nd7 16. Rb1 Rb8 17. b3 Rb4 18.
Qd3 c4 19. bxc4 Rxb1 20. Qxb1 Qxc4 21. Bg5 Rb8 22. Qc1 Qxc1 23. Rxc1 Nc5 24. Bxe7 Nxe4 25. Rc7 a5 26. Ra7 Bc3 27. Rc7 Rb1+ 28. Kg2 Rb2 29. Ng5 Nxg5 30. Rxc3 Rxf2+ 31. Kg1 Rf5 32. Bxd6 Rxd5 33.
Be7 Kg7 34. Bxg5 Rxg5 35. Rc7 Rf5 36. Ra7 h5 37. Kg2 Kf6 38. a4 Ke6 39. h3 Rc5 40. Kf3 g5 41. h4 gxh4 42. gxh4 f6 43. Kg3 Kf5 44. Kh3 Rc3+ 45. Kh2 Rc5 46. Kh3 Kf4 47. Ra8 f5 48. Kg2 Kg4 49. Kf2 Re5 50. Ra7 Kxh4 51. Kf3 Kg5 52. Rg7+ Kf6 53. Ra7 Rc5 54. Rh7 Kg6 55.
Ra7 h4 56. Ra8 h3 57. Rh8 Rc3+ 58. Kf2 Kg5 59. Ra8 Rc5 60. Rh8 Kg4 61. Rg8+ Kf4 62. Rh8 Rc2+ 63. Kg1 Rc3 64. Ra8 Kg3 65. Rg8+ Kf3 66.
Ra8 Rc5 67. Rh8 f4 68. Rxh3+ Ke2 69. Rh8 Rg5+ 70. Kh2 Kf2 71. Rb8 Rh5# 0-1

[Event "*** Qualifier 3: Titled Tuesday 3|2 Blitz"]
[Site "Chess.com"]
[Date "2017.04.18"]
[Round "1"]
[White "SwiftyMcBishop"]
[Black "maciek_92"]
[Result "1/2-1/2"]
[WhiteElo "2261"]
[BlackElo "2529"]
[TimeControl "180+2"]
[EndTime "13:11:29 PDT"]
[Termination "Game drawn by agreement"]

1. e4 c5 2. Nf3 e6 3. c3 Nf6 4. e5 Nd5 5. d4 cxd4 6. cxd4 Nc6 7. Bc4 d6 8. O-O Be7 9. Nc3 Nxc3 10.
bxc3 dxe5 11. Nxe5 Nxe5 12. dxe5 O-O 13. Qe2 Qc7 14.
Rd1 b6 15. Bb5 a6 16. Bd3 Bb7 17. Be3 Qxe5 18. Bxb6 Qxc3 19. Bd4 Qc6 20. f3 Rfd8 21. Rac1 Qa4 22. Rc4 Qa5 23. Qf2 Rdc8 24. Bxg7 Rxc4 25. Bxc4 Kxg7 26. Qb2+ Bf6 27. Qxb7 Rd8 28. Rxd8 Bxd8 29. Qe4 Qd2 30. Qe2 Bb6+ 31. Kh1 Qd4 32. Qf1 a5 33. g3 a4 34. Kg2 Bc5 35. Kh3 Qf6 36. f4 Qf5+ 37. Kg2 Qe4+ 38. Kh3 Qf5+ 39. Kg2 Bd4 40.
Qf3 Bb2 41. Bd3 Qc5 42. Qe4 Kf8 43. Qxa4 Qd5+ 44. Be4 Qd2+ 45. Kh3 h6 46. Qc4 Ba3 47.
Qb3 Qd6 48. Qc3 Ke7 49. Qh8 Qd1 50. Qxh6 Qf1+ 51. Bg2 Qf2 52. Qg5+ Kf8 53. Qh5 Qxa2 54. Qh8+ Ke7 55. Qh4+ Kf8 56. Qd8+ Kg7 57. f5 Bb2 58. Qg5+ Kf8 59. f6 e5 60. Qh6+ Ke8 61. Bc6+ Kd8 62. Qd2+ Kc7 63. Qd7+ Kb6 64. Bd5 Qa7 65. Qxa7+ Kxa7 66. Bxf7 e4 67. Bg6 Bxf6 68. Bxe4 Kb6 69. Kg4 Kc5 70. Kf5 Bd4 71. g4 Kd6 72. h4 Ke7 73.
Kg6 Kf8 74. Kh7 Bf2 75. h5 Be3 76. Kg6 Kg8 77. g5 Bf4 78. Kf6 Bc1 79. g6 Bb2+ 80. Kf5 Kg7 81. Bd5 Bc1 82. Bf7 Bh6 83. Kg4 Kf8 84. Kf5 Kg7 85. Ke6 Bc1 86. Ke7 Bh6 87.
Ke8 Bc1 88. Be6 Bh6 1/2-1/2

[Event "*** Qualifier 3: Titled Tuesday 3|2 Blitz"]
[Site "Chess.com"]
[Date "2017.04.18"]
[Round "1"]
[White "prochn"]
[Black "pKiLz5Rn9b"]
[Result "1/2-1/2"]
[WhiteElo "2181"]
[BlackElo "2472"]
[TimeControl "180+2"]
[EndTime "13:12:08 PDT"]
[Termination "Game drawn by stalemate"]

1. d4 Nf6 2. c4 e6 3. Nc3 Bb4 4.
Qc2 d5 5. a3 Bxc3+ 6. Qxc3 Ne4 7. Qc2 c5 8. dxc5 Nc6 9. Nf3 Qa5+ 10. Bd2 Nxd2 11. Qxd2 dxc4 12. Qxa5 Nxa5 13. Rc1 b5 14. cxb6 axb6 15. e3 b5 16. Nd4 Bd7 17. Be2 e5 18. Bf3 Rc8 19. Ne2 Bf5 20. Nc3 Rb8 21. e4 Be6 22. O-O Ke7 23. Rfd1 f6 24. h3 Nc6 25. a4 bxa4 26. Nd5+ Bxd5 27. exd5 Na5 28. d6+ Ke6 29. Bd5+ Kxd6 30. Bxc4+ Ke7 31. Rd5 Nxc4 32.
Rxc4 Rxb2 33. Rxa4 Rc8 34. Ra7+ Ke6 35. Rd1 Rcc2 36. Rf1 g5 37. Rxh7 e4 38. Rh8 Kf7 39. Rh7+ Kf8 40. Rh6 Kg7 41. Rh5 e3 42. h4 exf2+ 43.
Kh2 Re2 44. g4 Kg6 45. hxg5 fxg5 46. Rh8 Re4 47. Rf8 Rxg4 48. R1xf2 Rb6 49. R8f3 Kg7 50. Rg3 Rh6+ 51. Kg2 Rxg3+ 52. Kxg3 Ra6 53. Rb2 Kg6 54. Rb3 Rc6 55. Ra3 Kh5 56. Rb3 Rc1 57. Ra3 Rg1+ 58.
Kh2 Rg4 59. Rb3 Rh4+ 60. Kg3 Rg4+ 61. Kh3 Rg1 62. Kh2 Ra1 63. Kh3 Ra4 64. Kg3 Rh4 65. Ra3 Rb4 66. Rc3 Kg6 67. Ra3 Rb5 68. Rc3 Rd5 69.
Ra3 Kf5 70. Rb3 Rd4 71. Ra3 Rg4+ 72. Kf3 Rg1 73. Ra5+ Kg6 74. Kf2 Rb1 75. Ra3 Kh5 76. Kg3 Rg1+ 77. Kh2 Rg4 78. Kh3 Rb4 79. Kg3 Rb5 80.
Rc3 Rf5 81. Ra3 g4 82. Rb3 Kg5 83. Ra3 Rf1 84. Ra5+ Rf5 85. Rxf5+ Kxf5 86. Kg2 Kf4 87. Kf2 g3+ 88. Kg2 Kg4 89. Kg1 Kh4 90. Kg2 Kg4 91. Kg1 Kh3 92. Kh1 g2+ 93. Kg1 Kg3 1/2-1/2

[Event "*** Qualifier 3: Titled Tuesday 3|2 Blitz"]
[Site "Chess.com"]
[Date "2017.04.18"]
[Round "1"]
[White "DryCounty"]
[Black "abubakrtagelsir"]
[Result "1-0"]
[WhiteElo "2469"]
[BlackElo "2148"]
[TimeControl "180+2"]
[EndTime "13:12:12 PDT"]
[Termination "DryCounty won on time"]

1. Nf3 d5 2. c4 c6 3. b3 Bf5 4. g3 e6 5. Bg2 Nd7 6. O-O Ngf6 7. d3 Be7 8. Ba3 O-O 9. Qc1 h6 10.
Bxe7 Qxe7 11. Qa3 Qxa3 12. Nxa3 Bh7 13. Nc2 a5 14. Rfc1 a4 15. cxd5 cxd5 16. b4 Rfc8 17.
Ncd4 Kf8 18. Kf1 Ke7 19. Ke1 Ne8 20. Nb5 f6 21. Bh3 Bg8 22. Kd2 e5 23. e3 Be6 24.
Bxe6 Kxe6 25. Rc3 Nb6 26. Rac1 Kd7 27. Rc5 Rc6 28. Nh4 Rac8 29. Nf5 Ra8 30. f4 Ke6 31. Nfd4+ exd4 32. Nxd4+ Kd7 33. Nxc6 bxc6 34. Rxc6 Nc8 35. R6c5 Ne7 36. e4 dxe4 37. dxe4 Ra7 38. b5 Nd6 39. Ke3 Rb7 40. Rd1 Ke6 41. f5+ Kd7 42. g4 Nc8 43. e5 fxe5 44. Rxe5 Nb6 45. Re6 Nc4+ 46. Kf4 Rxb5 47. Rg6 Rb4 48. Rxg7+ Kc6 49. Kg3 Ne3 50. Rc1+ Kd5 51. Rg6 h5 52. h3 hxg4 53.
hxg4 Rd4 54. Kf3 Nec4 55. Re1 Ne5+ 56. Kg3 Nxg6 57. fxg6 Re4 58. Rd1+ Kc6 59. Kh4 Re8 60. Kg5 Ne4+ 61. Kh6 Nf6 62. g5 Ne4 63. Rg1 Nd6 64. Kg7 Re7+ 65. Kf6 Kd7 66. Rd1 Re6+ 67. Kg7 Ke7 68.
Kh7 Ne8 69. g7 Nxg7 70. Kxg7 Re2 71. a3 Re3 72. Ra1 Rg3 73. g6 Rg4 74. Kh7 Kf6 75.
Rf1+ Ke5 76. Rf3 Ke4 77. Rh3 Kf5 78. g7 Kf6 79. g8=Q 1-0

[Event "*** Qualifier 3: Titled Tuesday 3|2 Blitz"]
[Site "Chess.com"]
[Date "2017.04.18"]
[Round "1"]
[White "silverback96"]
[Black "LawrenceTrent"]
[Result "1/2-1/2"]
[WhiteElo "2052"]
[BlackElo "2416"]
[TimeControl "180+2"]
[EndTime "13:12:26 PDT"]
[Termination "Game drawn - insufficient material"]

1. d4 g6 2. c4 Bg7 3. Nf3 d6 4.
Nc3 c5 5. d5 Bxc3+ 6. bxc3 f5 7.
g3 Nf6 8. Bg2 Qa5 9. Qc2 b6 10.
O-O O-O 11. Nd2 Nbd7 12. e4 fxe4 13. Nxe4 Nxe4 14. Qxe4 Qxc3 15. Rb1 Qe5 16. Qh4 Nf6 17. Bb2 Qf5 18. Rbe1 Rf7 19. Re6 Rb8 20. Bh3 Qh5 21. Bxf6 Rxf6 22. Qxh5 gxh5 23. Rxf6 Bxh3 24. Rh6 Bxf1 25.
Kxf1 b5 26. Re6 Kf7 27. Re4 b4 28. Ke2 a5 29. Kd2 a4 30. Kc2 b3+ 31. Kb2 a3+ 32. Kb1 Rb4 33. axb3 Rxb3+ 34. Ka2 Rb2+ 35. Kxa3 Rxf2 36.
Rh4 Kg6 37. Kb3 h6 38. Kc3 Rf3+ 39. Kc2 Kg5 40. Kd2 Ra3 41. Kc2 Re3 42. Kd2 Re5 43.
Rf4 Rf5 44. Rh4 Kf6 45. Kd3 e6 46. dxe6 Kxe6 47. Re4+ Re5 48. Rf4 Rf5 49. Re4+ Kd7 50. Ke3 Re5 51. Rxe5 dxe5 52. Ke4 Ke6 53. h3 Kf6 54. g4 hxg4 55. hxg4 Kg5 56. Kxe5 Kxg4 57. Kd5 h5 58. Kxc5 h4 59. Kd6 h3 60. c5 h2 61. c6 h1=Q 62. c7 Qd1+ 63. Ke7 Qc2 64. Kd8 Qd3+ 65. Kc8 Kf5 66. Kb8 Qb5+ 67. Ka8 Qa6+ 68.
Kb8 Qb5+ 69. Ka8 Qe8+ 70. Kb7 Qd7 71. Kb8 Qb5+ 72. Ka8 Qc4 73. Kb8 Qb4+ 74. Ka8 Qa5+ 75. Kb8 Ke6 76. c8=Q+ Kd6 77. Qb7 Qd8+ 78. Ka7 Kc5 79.
Qb1 Qc7+ 80. Ka8 Qa5+ 81. Kb8 Qd8+ 82. Ka7 Qa5+ 83. Kb8 Kd6 84. Qd3+ Kc6 85. Qc4+ Kd7 86. Qd4+ Kc6 87. Qc4+ Kb6 88. Qe6+ Kb5 89. Qe5+ Ka4 90.
Qxa5+ Kxa5 1/2-1/2

[Event "*** Qualifier 3: Titled Tuesday 3|2 Blitz"]
[Site "Chess.com"]
[Date "2017.04.18"]
[Round "1"]
[White "Dr-Bassem"]
[Black "GM_Splinter"]
[Result "1-0"]
[WhiteElo "2637"]
[BlackElo "2330"]
[TimeControl "180+2"]
[EndTime "13:13:07 PDT"]
[Termination "Dr-Bassem won on time"]

1. e4 e5 2. Nf3 Nc6 3. Bc4 Bc5 4.
O-O Nf6 5. d3 a6 6. c3 Ba7 7.
Re1 d6 8. Bb3 O-O 9. h3 Ne7 10.
Nbd2 Ng6 11. Nf1 b5 12. Ng3 h6 13. d4 Bb7 14. Bc2 Re8 15. a4 c5 16. d5 c4 17.
Nf5 Bc8 18. axb5 axb5 19. Be3 Bxf5 20. exf5 Bxe3 21. fxg6 Bc5 22. gxf7+ Kxf7 23. Bf5 Qb6 24. Be6+ Ke7 25. Qc2 Qb7 26. Qg6 Kf8 27. Nh4 Ra7 28.
Qh7 Rxe6 29. Qh8+ Kf7 30. Nf5 Kg6 31. Nh4+ Kf7 32. dxe6+ Kxe6 33. Nf3 Kf7 34. Rxa7 Qxa7 35. Kh2 Bxf2 36. Rf1 Be3 37. Qc8 Bf4+ 38. Kh1 Qe3 39. Qb7+ Kg6 40. Qxb5 Ne4 41. Qe8+ Kh7 42. Re1 Nf2+ 43. Kg1 Nxh3+ 44. Kh1 Nf2+ 45. Kg1 Qc5 46. Re2 Ng4+ 47. Kh1 Qd5 48. Qh5 Qd1+ 49. Re1 Nf2+ 50. Kg1 Qc2 51. Rf1 Be3 52. Kh2 Qg6 53. Qxg6+ Kxg6 54.
Ra1 Nd3 55. Ra6 e4 56. Nd4 Bf4+ 57. g3 Be5 58. Nb5 e3 59. Nxd6 e2 60. Nxc4+ Kf5 61. Ne3+ Ke4 62. Nc2 Nxb2 63. Re6 Nd3 64. c4 Kf3 65. c5 Bxg3+ 66. Kg1 Bf2+ 67. Kh2 Bxc5 68. Re8 Bd6+ 69. Kg1 Be5 70. Re6 h5 71. Re8 h4 72.
Rf8+ Bf6 73. Re8 Be5 74. Rf8+ Ke4 75. Re8 h3 76. Kh1 g5 77. Kg1 g4 78. Rg8 Kf3 79.
Rf8+ Bf4 80. Nd4+ Ke3 81. Nxe2 Kxe2 82. Rg8 g3 83. Kh1 Ne1 84. Kg1 Be3+ 85. Kh1 1-0

[Event "*** Qualifier 3: Titled Tuesday 3|2 Blitz"]
[Site "Chess.com"]
[Date "2017.04.18"]
[Round "1"]
[White "RobertoJBM"]
[Black "ChessQueen"]
[Result "1/2-1/2"]
[WhiteElo "2405"]
[BlackElo "2125"]
[TimeControl "180+2"]
[EndTime "13:13:16 PDT"]
[Termination "Game drawn by repetition"]

1. d4 Nf6 2. c3 e6 3. Nf3 Be7 4. Bf4 b6 5. e3 Bb7 6. Nbd2 O-O 7.
Bd3 d6 8. h3 Nbd7 9. Bh2 Re8 10.
O-O Bf8 11. e4 e5 12. d5 c6 13. dxc6 Bxc6 14. Re1 Nc5 15. Bc2 h6 16. c4 Rc8 17.
Qe2 Ne6 18. Rad1 Qc7 19. Bd3 Bb7 20. b3 Red8 21. Nf1 g6 22. Ne3 Nh5 23. g3 Nc5 24. Nd5 Bxd5 25. exd5 Nxd3 26. Qxd3 f5 27. Qe2 Qf7 28.
Nh4 Ng7 29. Ng2 Be7 30. f4 e4 31. Kh1 Rd7 32. Bg1 Rdc7 33. Bd4 Nh5 34. Kh2 Bf6 35.
Qf2 Bxd4 36. Rxd4 Nf6 37. Ne3 Nd7 38. Rg1 Kh7 39. g4 Qf6 40. Rd2 Nc5 41. Qg3 Nd3 42.
Rf1 Rg8 43. Rg2 Rcg7 44. g5 hxg5 45. fxg5 Qe5 46. Qxe5 Nxe5 47. h4 Rf7 48. Kg3 Nd3 49. Kh3 f4 50. Ng4 f3 51. Rd2 Rgf8 52. Kg3 Kg7 53.
Nf6 Rxf6 54. gxf6+ Rxf6 55. Rxd3 exd3 56. Rxf3 d2 57. Rd3 Rf1 58. Rxd2 Rg1+ 59. Rg2 Rd1 60.
Re2 Rd3+ 61. Kf4 Kf7 62. Re6 Rd2 63. Rxd6 Rxa2 64. Kg5 Rg2+ 65. Kh6 Rg4 66. h5 gxh5 67. Kxh5 Rg3 68. b4 Rc3 69. Rc6 a5 70. bxa5 bxa5 71.
Kg5 a4 72. Kf5 a3 73. Rc7+ Ke8 74.
Ke6 Kd8 75. Kd6 a2 76. Ra7 Rxc4 77. Ra8+ Rc8 78. Rxa2 Rb8 79. Ke6 Rb3 80. Ra8+ Kc7 81.
d6+ Kb7 82. Rh8 Re3+ 83. Kd7 Rg3 84. Rh7 Rg8 85. Ke6+ Kc8 86. Rc7+ Kd8 87. Rd7+ Ke8 88. Re7+ Kd8 89. Ra7 Rg6+ 90. Kd5 Rg1 91. Ra8+ Kd7 92. Ra7+ Kd8 93. Ra8+ Kd7 94. Ra7+ Kd8 95. Ra8+ Kd7 96. Ra7+ Kd8 97. Ra8+ Kd7 1/2-1/2

[Event "*** Qualifier 3: Titled Tuesday 3|2 Blitz"]
[Site "Chess.com"]
[Date "2017.04.18"]
[Round "1"]
[White "NMJeevanK"]
[Black "kleinebeer98"]
[Result "1/2-1/2"]
[WhiteElo "2162"]
[BlackElo "2448"]
[TimeControl "180+2"]
[EndTime "13:15:34 PDT"]
[Termination "Game drawn by repetition"]

1. e4 e5 2. Nf3 Nc6 3. Bb5 f5 4.
d3 fxe4 5. dxe4 Nf6 6. Nc3 Bb4 7. O-O Bxc3 8. bxc3 d6 9. Qd3 O-O 10. h3 Kh8 11. Rd1 Qe8 12. Bg5 Qg6 13. Bxf6 Rxf6 14. Bxc6 bxc6 15. Nxe5 Qe8 16. Nf3 Bd7 17. e5 Rg6 18.
exd6 cxd6 19. Kh1 Rf6 20. Re1 Qh5 21. Ng1 Raf8 22. Re7 Be6 23. Re1 Bd5 24. f3 c5 25.
Rxa7 h6 26. Ree7 Rg6 27. c4 Bc6 28. Rac7 Ba8 29. Qc3 Qg5 30. Re2 Kh7 31. Rce7 Bc6 32. Rc7 Ba8 33. Qa1 Qg3 34. Qe1 Qg5 35. Qd2 Qh4 36.
Qd3 Qg3 37. Rce7 Rf6 38. Re8 Bc6 39. R8e3 Qg5 40. Re7 h5 41. Qd2 Qg3 42. Qe1 Qg5 43. Qd2 Qh4 44. Qd3 Qg3 45. R7e3 h4 46. Qd1 Kh6 47. Qe1 Qg5 48. Rd3 Rf4 49. Qd2 Rxc4 50. Rxd6 Qxd2 51. Rxg6+ Kxg6 52. Rxd2 Ra4 53. c3 Ra3 54. Rc2 Ba4 55. Rc1 Rxa2 56. Re1 Kf5 57. Ne2 g5 58. Nc1 Rd2 59. Kg1 Bb5 60. Nb3 Rd5 61. Re4 Bd3 62. Re3 Bc2 63. Na5 Rd1+ 64. Kf2 Bd3 65. Re1 Rd2+ 66. Kg1 Kf4 67. Nb7 Kg3 68. Nxc5 Rxg2+ 69. Kh1 Rh2+ 70. Kg1 Rg2+ 71. Kh1 Bf5 72. Ne4+ Bxe4 73. Rxe4 Rc2 74. Re1 Kxh3 75. Kg1 Kg3 76. Rf1 h3 77. Kh1 Rxc3 78. Rg1+ Kf4 79. Rg4+ Kf5 80. Rg3 Kf4 81. Kh2 Rc1 82. Rxh3 Rc2+ 83.
Kg1 Rc3 84. Kg2 Rc2+ 85. Kg1 Rb2 86. Kf1 Ke3 87. Rg3 Kf4 88. Rh3 Ra2 89. Kg1 Ra3 90. Kg2 Rb3 91. Kg1 Rxf3 92. Rh8 Ra3 93. Rf8+ Kg3 94. Rf1 Ra2 95. Rd1 Rg2+ 96. Kh1 Rh2+ 97. Kg1 Rg2+ 98. Kh1 Rc2 99. Rd3+ Kf4 100. Kg1 g4 101.
Rd4+ Kf3 102. Rd3+ Ke4 103. Ra3 Rb2 104. Rg3 Kf4 105.
Rg2 Rb1+ 106. Kh2 Rb8 107. Rf2+ Ke3 108. Rg2 Kf3 109. Rg3+ Kf2 110. Rg2+ Kf3 111. Rg3+ Kf4 112. Ra3 Rb2+ 113. Kg1 Kg5 114. Rg3 Kh4 115. Rg2 Rb1+ 116. Kh2 Ra1 117. Rg1 Ra2+ 118. Rg2 g3+ 119. Kh1 Ra1+ 120. Rg1 Ra2 121. Rg2 Ra3 122. Re2 Kh3 123. Rh2+ Kg4 124. Rg2 Kf3 125. Rg1 Ra2 126. Rf1+ Rf2 127. Rc1 Kg4 128. Rc4+ Kh3 129. Rc1 Re2 130. Kg1 Rf2 131. Kh1 Re2 132. Kg1 Rf2 133. Kh1 1/2-1/2

[Event "*** Qualifier 3: Titled Tuesday 3|2 Blitz"]
[Site "Chess.com"]
[Date "2017.04.18"]
[Round "2"]
[White "JaimeSantosLatasa"]
[Black "dcremisi"]
[Result "1-0"]
[WhiteElo "2555"]
[BlackElo "2266"]
[TimeControl "180+2"]
[EndTime "13:18:28 PDT"]
[Termination "JaimeSantosLatasa won by resignation"]

1. e4 e6 2. d4 d5 3. Nc3 dxe4 4. Nxe4 Bd7 5. Nf3 Bc6 6. Bd3 Nd7 7. c3 Ngf6 8.
Nxf6+ gxf6 9. Qe2 Bd6 10. c4 Qe7 11. c5 Bxc5 12. dxc5 Nxc5 13. Bb5 O-O-O 14. Bxc6 Nd3+ 15.
Kf1 bxc6 16. Be3 Rhg8 17. g3 Qb4 18. Rd1 Qxb2 19. Rxd3 Qb1+ 20. Ne1 1-0

[Event "*** Qualifier 3: Titled Tuesday 3|2 Blitz"]
[Site "Chess.com"]
[Date "2017.04.18"]
[Round "2"]
[White "cheese111"]
[Black "Roachelley"]
[Result "1-0"]
[WhiteElo "2257"]
[BlackElo "2136"]
[TimeControl "180+2"]
[EndTime "13:18:44 PDT"]
[Termination "cheese111 won by resignation"]

1. e4 c5 2. Nf3 d6 3. Bb5+ Bd7 4.
Bxd7+ Qxd7 5. O-O Nc6 6. Qe2 g6 7. Rd1 Bg7 8. c3 e6 9. d4 cxd4 10. cxd4 Nge7 11. Nc3 O-O 12. d5 exd5 13. Nxd5 Nxd5 14.
Rxd5 Rad8 15. Bg5 Rde8 16. Re1 Qe6 17. Qd2 h6 18. Bxh6 Bxh6 19. Qxh6 Ne7 20. Ng5 1-0

[Event "*** Qualifier 3: Titled Tuesday 3|2 Blitz"]
[Site "Chess.com"]
[Date "2017.04.18"]
[Round "2"]
[White "iturrizaga"]
[Black "TomsKantans"]
[Result "1-0"]
[WhiteElo "2637"]
[BlackElo "2520"]
[TimeControl "180+2"]
[EndTime "13:19:14 PDT"]
[Termination "iturrizaga won by resignation"]

1. Nf3 Nf6 2. c4 c5 3. g3 g6 4. Bg2 Bg7 5. O-O O-O 6. d4 d5 7. cxd5 Qxd5 8. Nc3 Qh5 9. dxc5 Nc6 10. Qa4 Qxc5 11. Rd1 Qh5 12. Bg5 h6 13. Bxf6 Bxf6 14.
Rac1 Bf5 15. Nd5 Rad8 16. Nf4 1-0

[Event "*** Qualifier 3: Titled Tuesday 3|2 Blitz"]
[Site "Chess.com"]
[Date "2017.04.18"]
[Round "2"]
[White "DryCounty"]
[Black "JoachimBN"]
[Result "1/2-1/2"]
[WhiteElo "2473"]
[BlackElo "2650"]
[TimeControl "180+2"]
[EndTime "13:19:31 PDT"]
[Termination "Game drawn by agreement"]

1. Nf3 b6 2. c4 Bb7 3. g3 g6 4.
Bg2 Bg7 5. O-O Nf6 6. d3 O-O 7. e4 c5 8. Nc3 Nc6 9. Bg5 d6 10. Qd2 Ng4 11. h3 Nge5 12. Nxe5 dxe5 13. Rad1 Qd7 14. Bh6 Bxh6 15. Qxh6 Nd4 16. h4 f6 17. Qe3 Rad8 18. Kh2 e6 19. f4 Qg7 20. fxe5 fxe5 21.
Qg5 h6 22. Qe3 Bc6 23. Bh3 Kh7 24. Ne2 Nxe2 25. Qxe2 Qe7 26. Qe3 Qd6 27. Rxf8 Rxf8 28. Rf1 Rxf1 29. Bxf1 Qf8 1/2-1/2

[Event "*** Qualifier 3: Titled Tuesday 3|2 Blitz"]
[Site "Chess.com"]
[Date "2017.04.18"]
[Round "2"]
[White "kleinebeer98"]
[Black "djogrodek1"]
[Result "1-0"]
[WhiteElo "2455"]
[BlackElo "2388"]
[TimeControl "180+2"]
[EndTime "13:19:34 PDT"]
[Termination "kleinebeer98 won by resignation"]

1. e4 c5 2. Nf3 d6 3. d4 cxd4 4.
Nxd4 Nf6 5. Nc3 g6 6. h3 Bg7 7. Bc4 Nc6 8. Nf3 O-O 9. O-O Bd7 10. Re1 Rc8 11. Bb3 Re8 12. Bg5 Na5 13. Nd5 Nxd5 14. exd5 Bxb2 15. Rb1 Bf6 16. h4 Nxb3 17. Rxb3 Qc7 18.
Rbe3 Qxc2 19. Qxc2 Rxc2 20. Bxf6 exf6 21. Rxe8+ Bxe8 22. Rxe8+ Kg7 23. Re7 Rxa2 24. Rxb7 Ra5 25. Nd4 Rxd5 26.
Ne6+ Kh6 27. Rxf7 g5 28. Rxf6+ Kh5 29. f3 gxh4 30. Nf4+ Kg5 31. Nxd5 1-0

[Event "*** Qualifier 3: Titled Tuesday 3|2 Blitz"]
[Site "Chess.com"]
[Date "2017.04.18"]
[Round "2"]
[White "XiaoKangZhong"]
[Black "Hikaru"]
[Result "0-1"]
[WhiteElo "1948"]
[BlackElo "2901"]
[TimeControl "180+2"]
[EndTime "13:20:15 PDT"]
[Termination "Hikaru won by checkmate"]

1. e4 h5 2. d4 c6 3. Nf3 d5 4.
exd5 cxd5 5. Nc3 Bg4 6. h3 Bxf3 7. Qxf3 e6 8. Bf4 Nc6 9. Qe3 a6 10. a4 Nf6 11. Be2 Bd6 12. Bxd6 Qxd6 13. b3 Qb4 14. Rd1 Ne7 15. f3 Rc8 16. Rd3 Nf5 17. Qf2 Rxc3 18.
Rxc3 Qxc3+ 19. Kf1 Qa1+ 20. Qe1 Ng3+ 21. Kf2 Nxh1+ 22.
Ke3 Qxe1 23. Kf4 Qxe2 24. c4 Qd2+ 25. Ke5 Nd7+ 26. Kd6 Qf4# 0-1

[Event "*** Qualifier 3: Titled Tuesday 3|2 Blitz"]
[Site "Chess.com"]
[Date "2017.04.18"]
[Round "2"]
[White "ABDELAZEEZ-M"]
[Black "chesstatour"]
[Result "1-0"]
[WhiteElo "2126"]
[BlackElo "1965"]
[TimeControl "180+2"]
[EndTime "13:21:17 PDT"]
[Termination "ABDELAZEEZ-M won on time"]

1. d4 Nf6 2. c4 b6 3. Nc3 Bb7 4. f3 e6 5. e4 Bb4 6. Bd2 O-O 7. Bd3 d5 8. cxd5 exd5 9. e5 Ne8 10. Nge2 c5 11.
a3 Bxc3 12. bxc3 Nc6 13. O-O Nc7 14. f4 cxd4 15. cxd4 Ne6 16. Be3 Na5 17. f5 Nc7 18. f6 g6 19. Qe1 Nc4 20. Bh6 Re8 21. Qh4 Nd2 22. Bxg6 Nxf1 23. Rxf1 1-0

[Event "*** Qualifier 3: Titled Tuesday 3|2 Blitz"]
[Site "Chess.com"]
[Date "2017.04.18"]
[Round "2"]
[White "DavidMarkosyan"]
[Black "grzechu96"]
[Result "1-0"]
[WhiteElo "2329"]
[BlackElo "2370"]
[TimeControl "180+2"]
[EndTime "13:21:20 PDT"]
[Termination "DavidMarkosyan won by resignation"]

1. e4 c5 2. Nf3 d6 3. d4 cxd4 4.
Nxd4 Nf6 5. Nc3 a6 6. Bc4 e6 7. O-O Be7 8. Bb3 O-O 9. f4 Qc7 10. f5 e5 11. Nde2 b5 12. Bg5 Nbd7 13. Ng3 Bb7 14.
Nh5 Rfe8 15. Bxf6 Nxf6 16. Nxf6+ Bxf6 17. Nd5 Bxd5 18. Bxd5 Rac8 19. c3 b4 20. c4 Qc5+ 21. Kh1 Qd4 22. Qh5 Re7 23. b3 a5 24.
Qe2 Ra7 25. Rad1 Qc5 26. Rd3 a4 27. Rfd1 axb3 28. axb3 Rb8 29. g3 Rb6 30. Kg2 Rba6 31. h4 h6 32. Kh3 Ra2 33. R3d2 Rxd2 34. Rxd2 Ra3 35. Rd3 Qg1 36. Qg2 Qxg2+ 37. Kxg2 Bd8 38. Bc6 Rxb3 39. Rxb3 1-0

[Event "*** Qualifier 3: Titled Tuesday 3|2 Blitz"]
[Site "Chess.com"]
[Date "2017.04.18"]
[Round "2"]
[White "Rating-Schmating"]
[Black "Kubas1010"]
[Result "0-1"]
[WhiteElo "2296"]
[BlackElo "2410"]
[TimeControl "180+2"]
[EndTime "13:21:26 PDT"]
[Termination "Kubas1010 won by resignation"]

1. e4 e5 2. Nf3 Nc6 3. d4 exd4 4. Nxd4 g6 5. c4 Bg7 6. Be3 Qf6 7. Nb5 Qxb2 8. Nxc7+ Kd8 9. Nxa8 Qxa1 10. Be2 Nge7 11. O-O b6 12. Qd6 Qe5 13. Bf4 Qxd6 14. Bxd6 Be5 15.
c5 bxc5 16. Nc7 Bxd6 17. Nb5 Be5 18. Bc4 f5 19. Nd2 fxe4 20. Nxe4 d5 21. Rd1 Nd4 22. Nxc5 Nxb5 23. Bxb5 Bd6 24. Ne4 dxe4 25. Rxd6+ Kc7 26. Rd4 Rd8 27. Rxe4 Rd1+ 28. Bf1 Ba6 29. h4 Rxf1+ 30.
Kh2 Nd5 31. h5 Rxf2 32. hxg6 hxg6 33. a4 Bb7 34. Rg4 Ne3 35. Rxg6 Rxg2+ 36. Rxg2 Nxg2 37.
Kg3 Kb6 38. Kf2 Ka5 39. Ke2 Kxa4 40. Kd2 Kb3 41. Kc1 Be4 0-1

[Event "*** Qualifier 3: Titled Tuesday 3|2 Blitz"]
[Site "Chess.com"]
[Date "2017.04.18"]
[Round "2"]
[White "aRk_iN"]
[Black "SabinaFoisor"]
[Result "0-1"]
[WhiteElo "2080"]
[BlackElo "2185"]
[TimeControl "180+2"]
[EndTime "13:21:29 PDT"]
[Termination "SabinaFoisor won by checkmate"]

1. e4 e5 2. Nf3 Nc6 3. Bb5 a6 4.
Bxc6 dxc6 5. O-O Bg4 6. h3 h5 7.
d3 Qf6 8. Nbd2 Bd6 9. Re1 Ne7 10. d4 Ng6 11. dxe5 Nxe5 12. hxg4 hxg4 13. Nh2 Rxh2 14. Nf1 Rh7 15. g3 Nf3+ 16. Kg2 Nxe1+ 17. Qxe1 Qf3+ 18. Kg1 Rh1# 0-1